 Dungeon Crawl Stone Soup version 0.26-a0-708-g17f3b190f9 (webtiles) character file.

Game seed: 6037319455397185921

81 Chiseanne the Magician (level 4, -1/30 HPs)
             Began as a Demonspawn Hedge Wizard on Oct 29, 2020.
             Slain by a gnoll (9 damage)
             ... on level 2 of the Dungeon.
             The game lasted 00:07:01 (3593 turns).

Chiseanne the Magician (Demonspawn Hedge Wizard)    Turns: 3593, Time: 00:07:02

Health: -1/30      AC:  5    Str: 10    XL:     4   Next: 19%
Magic:  5/10       EV: 12    Int: 16    God:
Gold:   213        SH:  0    Dex: 13    Spells: 5/11 levels left

rFire    . . .     SeeInvis .   a - +0 short sword
rCold    . . .     Faith    .   (no shield)
rNeg     . . .     Spirit   .   b - +0 robe
rPois    .         Reflect  .   l - +0 helmet
rElec    .         Harm     .   k - +0 cloak
rCorr    .         Rampage  .   c - +0 pair of gloves
MR       .....                  (no boots)
Stlth    ++........             (no amulet)
HPRegen  0.10/turn              h - ring of flight
MPRegen  0.12/turn              (no ring)

@: no status effects
A: sturdy frame 1
a: Evoke Flight


You were on level 2 of the Dungeon.
You visited 1 branch of the dungeon, and saw 3 of its levels.

You collected 213 gold pieces.

Inventory:

Hand Weapons
 a - a +0 short sword (weapon)
 p - a +0 rapier
Missiles
 f - 10 arrows
 i - 52 bolts
 o - 4 atropa-tipped darts (quivered)
Armour
 b - a +0 robe (worn)
 c - a +0 pair of gloves (worn)
 k - a +0 cloak (worn)
 l - a +0 helmet (worn)
Jewellery
 h - a ring of flight (left hand)
Scrolls
 j - a scroll of remove curse
Potions
 d - a potion of curing
 e - a potion of might
 g - 2 potions of ambrosia
 m - a potion of flight {unknown}
 n - a potion of degeneration {unknown}


   Skills:
 - Level 1.7 Dodging
 - Level 1.7 Stealth
 * Level 4.0 Spellcasting
 * Level 2.9 Conjurations
   Level 1.0 Summonings
 - Level 0.8 Translocations


You had 5 spell levels left.
You knew the following spells:

 Your Spells              Type           Power        Failure   Level
a - Magic Dart            Conj           ##..         4%          1
b - Blink                 Tloc           N/A          19%         2
d - Mephitic Cloud        Conj/Pois/Air  #.......     34%         3

Your spell library contained the following spells:

 Spells                   Type           Power        Failure   Level
 Call Imp                 Summ           #.......     17%         2
 Slow                     Hex            #.......     26%         2
 Conjure Flame            Conj/Fire      #.......     28%         3


Dungeon Overview and Level Annotations

Branches:
Dungeon (3/15)

Altars:

Annotations:
D:2 Sigmund


Innate Abilities, Weirdness & Mutations

Your movements are slightly less encumbered by armour. (ER -2)


Message History

The gnoll hits you with a +0 whip.
You hit the gnoll.
The gnoll is severely wounded.
Casting: Mephitic Cloud (extremely dangerous; 34% risk of failure)
Confirm with . or Enter, or press ? or * to list all spells.
Aiming: Magic Dart (safe; 4% risk of failure)
Press: ? - help, Shift-Dir - straight line, f/p - gnoll
Aim: a gnoll (moderately wounded, confused)
The magic dart hits the gnoll.
The gnoll is moderately wounded.
You hit the gnoll but do no damage.
The gnoll is severely wounded.
The gnoll hits you with a +0 whip!
You barely miss the gnoll.
The gnoll is severely wounded.
The gnoll hits you with a +0 whip. The gnoll barely misses you.
The gnoll hits you with a +0 whip.
* * * LOW HITPOINT WARNING * * *
The gnoll hits you!
You die...

#.........
######....##.##
#..>......#....
#.####.##.#.#..
###.####.##......
#...##......####.
#####......#.##.# #.
#......#####.##.# #.
#...@.## #.##.# #.
#..g.## #.##.# #.
#.g..# #.#..# #.
#...## #.#.#####.
#.†.# #...##....
#..># #...)..##.
#...# ###.#####.
#...# ###...#####.
##########...###.....


You could see 2 gnolls.

Vanquished Creatures
  A gnoll (D:2)
  2 adders
  An ooze (D:1)
  A dart slug (D:1)
  A worm (D:2)
  2 leopard geckos
  5 bats
  5 goblins
  6 hobgoblins
  4 jackals
  3 kobolds (D:2)
  3 frilled lizards
  7 rats
41 creatures vanquished.

Notes
Turn   | Place    | Note
-------+----------+-------------------------------------------
     0 | D:1      | Chiseanne the Demonspawn Hedge Wizard began the quest for
                  | the Orb.
     0 | D:1      | Reached XP level 1. HP: 13/13 MP: 4/4
   424 | D:1      | Gained mutation: Your movements are slightly less
                  | encumbered by armour. (ER -2) [demonic ancestry]
   424 | D:1      | Reached XP level 2. HP: 19/19 MP: 0/6
  1554 | D:1      | Learned a level 2 spell: Blink
  1848 | D:2      | Reached XP level 3. HP: 24/24 MP: 4/8
  2682 | D:2      | Noticed Sigmund
  3016 | D:2      | Learned a level 3 spell: Mephitic Cloud
  3378 | D:3      | Reached XP level 4. HP: 30/30 MP: 7/9
  3513 | D:2      | Reached skill level 4 in Spellcasting
  3593 | D:2      | Slain by a gnoll

Illustrated notes

Levels and vault maps discovered:
D:1:      dpeg_arrival_houses_and_road, layout_loops_corners, chequers_arboretum
D:2:      minmay_skewed_foursquare, layout_rooms, uniq_sigmund
D:3:      layout_rooms, minmay_misc_feat_more_columns

Skill      XL: |  1  2  3  4 |
---------------+-------------+-----
Conjurations   | 2 |  2.9
Spellcasting   | 4 |  4.0
Dodging        | |  1.7
Stealth        | |  1.7
Summonings     | |  1.0
Translocations | |  0.8

Action                   |  1- 3 |  4- 6 || total
-------------------------+-------+-------++-------
Melee: Dagger            |    27 |       ||    27
       Short sword       |    11 |     8 ||    19
 Cast: Magic Dart        |   103 |    15 ||   118
       Mephitic Cloud    |       |     1 ||     1
       Blink             |       |     1 ||     1
  Use: Scroll            |     5 |     4 ||     9
       Potion            |     1 |       ||     1
Armor: Robe              |    11 |     4 ||    15
Dodge: Dodged            |    48 |    11 ||    59

Table legend: (Time is in decaauts)
 A = Elapsed time spent in this place.
 B = Non-inter-level travel time spent in this place.
 C = Inter-level travel time spent in this place.
 D = Time resting spent in this place.
 E = Time spent auto-exploring this place.
 F = Levels seen in this place.
 G = Mean time per level.
                   A        B        C        D        E       F      G
               +--------+--------+--------+--------+--------+-----+--------+
         Total |   3596 |   3489 |    107 |   1660 |   1213 |   3 | 1198.7 |
       Dungeon |   3596 |   3489 |    107 |   1660 |   1213 |   3 | 1198.7 |
               +--------+--------+--------+--------+--------+-----+--------+

Top non-repeatable levels by time:
     D:1: 1734 daAuts
     D:2: 1595 daAuts
     D:3: 267 daAuts
